 Dungeon Crawl Stone Soup version 0.32-a0-913-g739538afd8 (webtiles) character file.

Game seed: 16509941308121137611

13517 Behavioral the Toxicologist (level 11, -10/55 HPs)
             Began as a Spriggan Alchemist on Apr 8, 2024.
             Was an Initiate of Gozag.
             Mangled by a boulder beetle (16 damage)
             ... on level 11 of the Dungeon.
             The game lasted 00:38:56 (17805 turns).

Behavioral the Toxicologist (Spriggan Alchemist)   Turns: 17805, Time: 00:38:56

Health: -10/55     AC:  6    Str:  4    XL:     11   Next: 76%
Magic:  7/26       EV: 25    Int: 22    God:    Gozag
Gold:   2193       SH:  0    Dex: 21    Spells: 13/30 levels left

rFire   + . .        f - staff of conjuration
rCold   + . .        (shield currently unavailable)
rNeg    + . .        m - +2 robe {Will+}
rPois   +            t - +2 hat
rElec   .            i - scarf of Shielding {rC+ rF+, rPois rN+}
rCorr   .            (gloves unavailable)
SInv    +            (boots unavailable)
Will    ++...        r - amulet of regeneration
Stlth   +++          E - +6 ring of dexterity
HPRegen 1.09/turn    (no ring)
MPRegen 0.20/turn

%: no passive effects
@: radiating poison, very quick
A: very small, no large weapons, unfitting armour, see invisible, speed 3
a: Renounce Religion, Potion Petition, Call Merchant, Bribe Branch


You were on level 11 of the Dungeon.
You worshipped Gozag.
Gozag was most pleased with you.
You visited 2 branches of the dungeon, and saw 12 of its levels.
You also visited: Sewer and Ossuary.

You collected 2702 gold pieces.
You spent 369 gold pieces at shops.
You paid 140 gold pieces to Gozag.

Inventory:

Hand Weapons
 b - a +0 sling
 l - a +0 dagger of pain
Missiles
 j - 82 stones
 D - 2 throwing nets
Armour
 a - a +0 robe
 e - a +0 buckler
 i - the scarf of Shielding (worn) {rC+ rF+, rPois rN+}
   (You bought it in a shop on level 5 of the Dungeon)

   rPois:     It protects you from poison.
   rN+:       It protects you from negative energy.
 m - a +2 robe of willpower (worn)
 t - a +2 hat (worn)
Magical Staves
 f - a staff of conjuration (weapon)
Jewellery
 r - an amulet of regeneration (around neck)
 E - a +6 ring of dexterity (left hand)
Wands
 u - a wand of polymorph (21)
 A - a wand of flame (47)
 H - a wand of digging (2)
 L - a wand of paralysis (5)
Scrolls
 d - 6 scrolls of teleportation
 o - 2 scrolls of vulnerability
 p - 2 scrolls of blinking
 q - a scroll of fog
 s - a scroll of immolation
 v - 2 scrolls of revelation
 w - 5 scrolls of enchant armour
 x - a scroll of enchant weapon
 y - a scroll of fear
 C - a scroll of poison {unknown}
 I - a scroll of summoning {unknown}
 J - a scroll of brand weapon {unknown}
 K - a scroll of torment {unknown}
Potions
 c - 5 potions of attraction
 g - 6 potions of curing
 h - a potion of mutation {unknown}
 k - 3 potions of magic
 n - 3 potions of resistance
 z - 3 potions of heal wounds
 B - 5 potions of lignification
 F - a potion of enlightenment {unknown}
 G - 2 potions of might {unknown}
 N - a potion of ambrosia {unknown}
 O - 4 potions of haste {unknown}
Miscellaneous
 M - a condenser vane


   Skills:
 + Level 5.1 Fighting
 - Level 10.0 Dodging
 - Level 3.0 Stealth
 - Level 10.0 Spellcasting
 - Level 3.0 Conjurations
 + Level 8.5 Fire Magic
 - Level 3.0 Air Magic
 - Level 10.0 Alchemy
 + Level 3.1 Evocations


You had 13 spell levels left.
You knew the following spells:

 Your Spells              Type           Power      Damage    Failure   Level
a - Sting                 Conj/Alch      100%       1d9       1%          1
b - Mercury Vapours       Alch/Air       78%        N/A       1%          2
c - Mephitic Cloud        Conj/Alch/Air  51%        N/A       1%          3
d - Foxfire               Conj/Fire      100%       2x1d9     1%          1
e - Olgreb's Toxic Radia  Alch           53%        N/A       1%          4
f - Sticky Flame          Fire/Alch      51%        2d9       1%          4
g - Scorch                Fire           96%        2d9       1%          2

Your spell library contained the following spells:

 Spells                   Type           Power      Damage    Failure   Level
 Swiftness                Air            24%        N/A       5%          3
 Flame Wave               Conj/Fire      53%        2d13      5%          4
 Apportation              Tloc           22%        N/A       6%          1
 Necrotise                Necr           44%        1d6       6%          1
 Summon Small Mammal      Summ           44%        N/A       6%          1
 Ensorcelled Hibernation  Hex/Ice        22%        N/A       9%          2
 Jinxbite                 Hex            22%        N/A       9%          2
 Sublimation of Blood     Necr           11%        N/A       9%          2
 Dazzling Flash           Conj/Hex       52%        N/A       10%         3
 Call Canine Familiar     Summ           11%        N/A       19%         3
 Frozen Ramparts          Ice            22%        1d4       19%         3
 Fugue of the Fallen      Necr           11%        N/A       19%         3
 Ozocubu's Armour         Ice            11%        N/A       19%         3
 Passwall                 Erth           11%        N/A       19%         3
 Sigil of Binding         Hex            11%        N/A       19%         3
 Yara's Violent Unravell  Hex/Alch       16%        3d8       22%         5
 Anguish                  Hex/Necr       5%         N/A       52%         4
 Animate Armour           Summ/Erth      22%        N/A       52%         4
 Cause Fear               Hex            5%         N/A       52%         4
 Dimensional Bullseye     Hex/Tloc       5%         N/A       52%         4
 Silence                  Hex/Air        8%         N/A       65%         5
 Plasma Beam              Fire/Air       18%        2x1d29    65%         6
 Starburst                Conj/Fire      26%        6d8       65%         6
 Curse of Agony           Necr           11%        N/A       86%         5
 Metabolic Englaciation   Hex/Ice        5%         N/A       86%         5
 Summon Cactus Giant      Summ           5%         N/A       100%        6
 Enfeeble                 Hex            5%         N/A       100%        7
 Manifold Assault         Tloc           5%         N/A       100%        7
 Shatter                  Erth           5%         3d8*      100%        9
 Animate Dead             Necr           Unusable   N/A       N/A         4

Dungeon Overview and Level Annotations

Branches:
Dungeon (11/15)            Temple (1/1) D:5            Lair (0/5) D:10
  Sewer (visited)         Ossuary (visited)
    Orc: D:9-12

Altars:
Ashenzari
Cheibriados
Dithmenos
Elyvilon
Fedhas
Gozag
Hepliaklqana
Kikubaaqudgha
Makhleb
Nemelex Xobeh
Okawaru
Qazlal
Ru
Sif Muna
Trog
Uskayaw
Vehumet
Wu Jian
Xom
Yredelemnul
The Shining One

Shops:
D:5 :[*!   D:6 (   D:9 :

Annotations:
D:3 exclusions: orc and orc priest
D:8 exclusion: downstairs
D:9 exclusion: ice statue
D:11 exclusion: ice statue


Innate Abilities, Weirdness & Mutations

You are very small and have problems with some larger weapons.
You are too small for most types of armour.
You have supernaturally acute eyesight. (SInv)
You cover ground extremely quickly. (Speed+++)


Message History

You begin to radiate toxic energy.
The boulder beetle is poisoned.
Unknown command.
Unknown command.
Casting: Olgreb's Toxic Radiance (dangerous; 1% risk of failure)
Confirm with . or Enter, or press ? or * to list all spells.
Your toxic radiance grows in intensity.
The boulder beetle looks even sicker. x2
Unknown command.
Unknown command.
Casting: Olgreb's Toxic Radiance (dangerous; 1% risk of failure)
Confirm with . or Enter, or press ? or * to list all spells.
Your toxic radiance grows in intensity.
The boulder beetle curls into a ball and begins rolling!
Unknown command.
Unknown command.
Casting: Olgreb's Toxic Radiance (dangerous; 1% risk of failure)
Confirm with . or Enter, or press ? or * to list all spells.
Flames lash the boulder beetle but do no damage.
Unknown command.
Unknown command.
Casting: Scorch (safe; 1% risk of failure)
Confirm with . or Enter, or press ? or * to list all spells.
Aiming: Sticky Flame (dangerous; 1% risk of failure)
Press: ? - help, Shift-Dir - straight line, f - boulder beetle
Aim: a boulder beetle (heavily wounded, rolling, very poisoned)
The sticky flame hits the boulder beetle!
The boulder beetle is severely wounded.
The boulder beetle looks as sick as possible!
The boulder beetle burns!
The boulder beetle hits you!!!
Ouch! That really hurt!
* * * LOW HITPOINT WARNING * * *
The boulder beetle stops rolling and uncurls.
Unknown command.
Unknown command.
Casting: Sticky Flame (dangerous; 1% risk of failure)
Confirm with . or Enter, or press ? or * to list all spells.
Flames lash the boulder beetle but do no damage.
The boulder beetle looks as sick as possible!
The boulder beetle burns!
The boulder beetle bites you!
You die...
Your body crumbles into a pile of gold.

..............<. ...#
#................. ....#
#................#
.....##................#
......................##
.....................##
.....................#
.....................#
......B@............##
....................##
.....................###
.......................#
........................
............(...........
........................
........................
.......................


You could see a boulder beetle (burning, extremely poisoned).

Vanquished Creatures
  A two-headed ogre (D:8)
  A cyclops (D:11)
  2 gargoyles
  A komodo dragon (D:10)
  A hornet (D:9)
  5 trolls
  Prince Ribbit (D:8)
  A wraith (D:10)
  24 yaks
  2 vampires (D:10)
  2 steam dragons (D:6)
  4 vampire mosquitoes
  Menkaure (D:7)
  2 acid dragons (D:10)
  Duvessa (D:5)
  4 water moccasins
  4 orc warriors
  2 sky beasts
  A black bear (D:7)
  3 ogres
  6 centaurs
  4 phantoms
  4 kobold brigands
  6 bullfrogs
  2 brain worms (Sewer)
  2 gnoll sergeants (D:6)
  A scorpion (D:6)
  5 water moccasin zombies (Ossuary)
  A burial acolyte (Ossuary)
  Dowan (D:5)
  9 killer bees
  A bombardier beetle (D:6)
  A hound (D:7)
  A gnoll bouda (D:8)
  8 orc priests
  6 iguanas
  3 sleepcaps
  Ijyb (D:5)
  11 orc wizards
  3 crocodile zombies (Ossuary)
  2 mummies (Ossuary)
  7 adders
  12 gnolls
  A river rat (Sewer)
  3 shadow imps
  5 white imps
  8 ufetubi
  6 adder zombies (Ossuary)
  4 ribbon worms
  A dart slug (D:4)
  32 orcs
  2 bats
  5 endoplasms
  4 giant cockroaches
  12 gnoll zombies (Ossuary)
  8 goblins
  9 hobgoblins
  2 jackals (D:2)
  16 kobolds
  3 quokkas
  9 ball pythons
  4 frilled lizards
  5 jackal zombies
  A kobold zombie (D:6)
  3 orc zombies (Ossuary)
  5 rats
308 creatures vanquished.

Vanquished Creatures (collateral kills)
  A foxfire (D:7)
1 creature vanquished.

Vanquished Creatures (others)
  A bombardier beetle (D:5)
  A white imp (D:5)
  813 foxfires
815 creatures vanquished.

Grand Total: 1124 creatures vanquished

Notes
Turn   | Place    | Note
-------+----------+-------------------------------------------
     0 | D:1      | Behavioral the Spriggan Alchemist began the quest for the
                  | Orb.
     0 | D:1      | Reached XP level 1. HP: 9/9 MP: 5/5
   362 | D:1      | Reached XP level 2. HP: 13/13 MP: 3/6
   365 | D:1      | Learned a level 2 spell: Mercury Vapours
  1298 | D:2      | Reached skill level 1 in Fighting
  1298 | D:2      | Reached XP level 3. HP: 18/18 MP: 1/8
  2545 | D:3      | Learned a level 3 spell: Mephitic Cloud
  3035 | D:4      | Reached XP level 4. HP: 21/22 MP: 1/9
  3614 | D:4      | Reached skill level 5 in Alchemy
  3749 | D:4      | Noticed an ogre
  3895 | D:4      | Killed an ogre
  3896 | D:4      | Reached skill level 1 in Air Magic
  3896 | D:4      | Reached skill level 1 in Conjurations
  3896 | D:4      | Reached XP level 5. HP: 25/25 MP: 4/13
  4017 | D:4      | Reached skill level 5 in Spellcasting
  4034 | D:4      | Noticed a sky beast
  4153 | D:4      | Killed a sky beast
  4154 | D:4      | Reached XP level 6. HP: 30/30 MP: 2/14
  4662 | D:5      | Entered Level 5 of the Dungeon
  4747 | D:5      | Learned a level 1 spell: Foxfire
  4861 | D:5      | Noticed Dowan
  4964 | D:5      | Found an ornate altar of the Wu Jian Council.
  4987 | D:5      | Reached skill level 5 in Dodging
  4987 | D:5      | Reached skill level 1 in Fire Magic
  5051 | D:5      | Found an opulent altar of Gozag.
  5075 | D:5      | Reached XP level 7. HP: 33/33 MP: 9/15
  5097 | D:5      | Found a glowing golden altar of the Shining One.
  5202 | D:5      | Found Lerann's General Store.
  5213 | D:5      | Found Buan's Antique Armour Shoppe.
  5227 | D:5      | Found Laybeguu's Book Boutique.
  5260 | D:5      | Found a staircase to the Ecumenical Temple.
  5269 | Temple   | Entered the Ecumenical Temple
  5373 | D:5      | Became a worshipper of Gozag Ym Sagoz the Greedy
  5499 | D:5      | Found a glowing drain.
  5512 | Sewer    | Entered a sewer
  6389 | D:5      | Got the Handbook of Stony Sciomancy
  6553 | D:5      | Found Biokhit's Distillery.
  6768 | D:5      | Noticed Ijyb
  6818 | D:5      | Killed Ijyb
  6849 | D:5      | Reached XP level 8. HP: 37/37 MP: 2/16
  7322 | D:5      | Bought a dazzling scarf for 270 gold pieces
  7322 | D:5      | Identified the scarf of Shielding {rC+ rF+, rPois rN+} (You
                  | bought it in a shop on level 5 of the Dungeon)
  7329 | D:5      | Bought a glowing robe for 99 gold pieces
  7342 | D:6      | Found a sand-covered staircase.
  7346 | Ossuary  | Entered an ossuary
  8648 | D:6      | Found Xujengoh's Weapon Shoppe.
  9067 | D:6      | Found a hazy altar of Hepliaklqana.
  9582 | D:6      | Reached XP level 9. HP: 42/42 MP: 9/19
  9587 | D:6      | Learned a level 4 spell: Olgreb's Toxic Radiance
  9592 | D:6      | Learned a level 4 spell: Sticky Flame
  9689 | D:6      | Identified the +3 rapier "Lorru Kesei" {antimagic, *Slow
                  | rPois rCorr Dex+6}
  9722 | D:6      | Found a burning altar of Makhleb.
 10679 | D:7      | Noticed Menkaure
 10684 | D:7      | Killed Menkaure
 11110 | D:7      | Reached skill level 10 in Alchemy
 11325 | D:7      | Found a basalt altar of Yredelemnul.
 12005 | D:5      | Noticed Duvessa
 12016 | D:5      | Killed Duvessa
 12018 | D:5      | Killed Dowan
 12019 | D:5      | Reached XP level 10. HP: 49/49 MP: 10/23
 12373 | D:8      | Found a broken altar of Ashenzari.
 12390 | D:8      | Noticed a two-headed ogre
 12420 | D:8      | Killed a two-headed ogre
 12540 | D:8      | Learned a level 2 spell: Scorch
 12654 | D:8      | Noticed Prince Ribbit
 12665 | D:8      | Killed Prince Ribbit
 13930 | D:9      | Reached skill level 5 in Fighting
 13930 | D:9      | Reached skill level 5 in Fire Magic
 14489 | D:9      | Noticed an ice statue
 14552 | D:9      | Found Asueb's Tremendous Tomes.
 14864 | D:9      | Found a snail-covered altar of Cheibriados.
 14904 | D:9      | Reached XP level 11. HP: 38/55 MP: 13/25
 15249 | D:10     | Entered Level 10 of the Dungeon
 15255 | D:10     | Found a staircase to the Lair.
 16338 | D:10     | Reached skill level 10 in Spellcasting
 17114 | D:10     | Reached skill level 1 in Evocations
 17674 | D:11     | Reached skill level 10 in Dodging
 17709 | D:11     | Noticed a boulder beetle
 17805 | D:11     | Mangled by a boulder beetle

Illustrated notes

Levels and vault maps discovered:
D:1:      sevenhm_arrival_forest_fort_small_1, layout_loops_ring, serial_glass,
          glass_columns_a, glass_columns_b, minmay_strange_pillars,
          minmay_strange_pillars, st_stairs_10
D:2:      layout_loops_cross, chequers_mini_garden
D:3:      layout_rooms, zin_statuary
D:4:      layout_gridville, nzn_random_ring
D:5:      layout_loops_ring, amcnicky_altar_gilded,
          mainiacjoe_overflow_24_doors, overflow_temple_1_default,
          lemuel_temple_firewalk_a, cheibrodos_sewer_entry_bend, serial_shops,
          shop, shop, nicolae_shop_tiny_real_fake_doors,
          nicolae_shop_waterfront, serial_library,
          serial_library_hellmonk_room_b, serial_library_hellmonk_metal_room,
          serial_library_hellmonk_recessed_alcove,
          serial_library_hellmonk_open_square,
          serial_library_hellmonk_big_corner, serial_library_hellmonk_room_b,
          serial_library_hellmonk_junction, kennysheep_generic_room_4,
          uniq_ijyb, uniq_duvessa
D:6:      cheibrodos_steamvent, layout_basic, old_standard_altar,
          mainiacjoe_overflow_small_starburst, enter_ossuary_3,
          solitary_fountain, nicolae_stop_n_shop_1
D:7:      minmay_skewed_foursquare, layout_cave_pools, lemuel_tele_altar,
          serial_demonic, serial_demonic_e, serial_demonic_c, serial_demonic_a,
          serial_demonic_c, serial_demonic_g, serial_demonic_g,
          serial_demonic_a, uniq_menkaure
D:8:      layout_basic, evilmike_ruin_ashenzari, uniq_prince_ribbit1
D:9:      layout_gridville, mainiacjoe_overflow_concentric_impassable,
          nicolae_shop_i_like_big_books, st_stairs_2, minivault_16
D:10:     layout_small_grid, lair_entry_dummy, minmay_increasing_density
D:11:     layout_layer_cave, minmay_orc_entry_temple_small, minivault_15
Temple:   oiseaux_autumnal_temple

Skill      XL: |  1  2  3  4  5  6  7  8  9 10 11 |
---------------+----------------------------------+-----
Alchemy        | 4 5 7 8 10 | 10.0
Fighting       | 1 2 3 5 |  5.1
Spellcasting   | 3 4 5 6 8 9 10 | 10.0
Air Magic      | 1 2 3 |  3.0
Conjurations   | 1 2 3 |  3.0
Dodging        | 4 5 6 7 10 | 10.0
Fire Magic     | 1 2 4 7 8 |  8.5
Evocations     | 3 |  3.1
Stealth        | |  3.0

Action                     |  1- 3 |  4- 6 |  7- 9 | 10-12 || total
---------------------------+-------+-------+-------+-------++-------
  Melee: Staff             |       |       |    88 |     8 ||    96
   Cast: Sting             |    70 |    69 |    55 |     5 ||   199
         Mercury Vapours   |     8 |    10 |    11 |     2 ||    31
         Foxfire           |       |    20 |   391 |    85 ||   496
         Mephitic Cloud    |       |       |     2 |       ||     2
         Sticky Flame      |       |       |     7 |     3 ||    10
         Scorch            |       |       |       |   130 ||   130
         Olgreb's Toxic Ra |       |       |       |    41 ||    41
    Use: Scroll            |     1 |       |    13 |     3 ||    17
         Potion            |       |       |       |     1 ||     1
   Stab: Sleeping          |       |       |     1 |       ||     1
 Armour: Robe              |     7 |     8 |    87 |    47 ||   149
  Dodge: Dodged            |    13 |    21 |   191 |    94 ||   319

Table legend: (Time is in decaauts)
 A = Elapsed time spent in this place.
 B = Non-inter-level travel time spent in this place.
 C = Inter-level travel time spent in this place.
 D = Time resting spent in this place.
 E = Time spent auto-exploring this place.
 F = Levels seen in this place.
 G = Mean time per level.
                   A        B        C        D        E       F      G
               +--------+--------+--------+--------+--------+-----+--------+
         Total |  14296 |  13989 |    307 |   3166 |   8125 |  14 | 1021.1 |
       Dungeon |  12664 |  12357 |    307 |   2742 |   7383 |  11 | 1151.3 |
        Temple |      4 |      4 |      0 |      0 |      0 |   1 |    4.0 |
         Sewer |    534 |    534 |      0 |     77 |    351 |   1 |  534.0 |
       Ossuary |   1093 |   1093 |      0 |    347 |    391 |   1 | 1093.0 |
               +--------+--------+--------+--------+--------+-----+--------+

Top non-repeatable levels by time:
     D:6: 1714 daAuts
     D:5: 1633 daAuts
     D:9: 1552 daAuts
    D:10: 1474 daAuts
     D:4: 1331 daAuts
     D:7: 1202 daAuts
     D:8: 1152 daAuts
 Ossuary: 1093 daAuts
     D:2: 994 daAuts
     D:1: 742 daAuts
   Sewer: 534 daAuts
     D:3: 524 daAuts
    D:11: 342 daAuts
  Temple: 4 daAuts
